 Dungeon Crawl Stone Soup version 0.23.2-11-gf996548c65 (webtiles) character file.

Game seed: 4317010374728566867

107 MalarOregon the Grave Robber (level 4, 0/33 HPs)
             Began as a Ghoul Necromancer on June 4, 2019.
             Killed from afar by an orc wizard (4 damage)
             ... with a magic dart
             ... on level 2 of the Dungeon.
             The game lasted 00:05:43 (1432 turns).

MalarOregon the Grave Robber (Ghoul Necromancer)    Turns: 1432, Time: 00:05:43

Health: 0/33       AC:  3    Str: 11    XL:     4   Next: 85%
Magic:  4/6        EV: 12    Int: 10    God:
Gold:   117        SH:  0    Dex: 10    Spells: 6/8 levels left

rFire    . . .     SeeInvis .     - Unarmed
rCold    + . .     Gourm    .   (no shield)
rNeg     + + +     Faith    .   a - +0 robe
rPois    ∞         Spirit   .   i - +0 helmet
rElec    .         Reflect  .   (no cloak)
rCorr    .         Harm     .   (no gloves)
MR       .....     Rnd*Tele +   (no boots)
Stlth    ++........             g - amulet of regeneration
HPRegen  0.00/turn              h - ring of teleportation (curse)
MPRegen  0.10/turn              (no ring)

@: rotting
A: rotting body, claws 1, carnivore, cold resistance 1, negative energy
resistance 3, inhibited regeneration, torment resistance, unbreathing
a: no special abilities


You were on level 2 of the Dungeon.
You were not hungry.

You visited 1 branch of the dungeon, and saw 3 of its levels.

You collected 117 gold pieces.

Inventory:

Armour
 a - a +0 robe (worn)
 i - a +0 helmet (worn)
   (You found it on level 2 of the Dungeon)
Jewellery
 g - an amulet of regeneration (around neck)
   (You found it on level 1 of the Dungeon)
 h - a cursed ring of teleportation (left claw)
   (You found it on level 2 of the Dungeon)
Scrolls
 b - a scroll of identify {@r1}
 c - 2 scrolls of fear
Potions
 d - a potion of degeneration {unknown}
 j - a potion of curing {unknown}
 k - a potion of brilliance {unknown}
 l - a potion of mutation {unknown}
 m - a potion of magic {unknown}
Comestibles
 e - 3 rations {!d}


   Skills:
 - Level 1.7 Dodging
 + Level 3.4 Stealth
 + Level 2.1 Unarmed Combat
 + Level 2.5 Spellcasting
 + Level 4.5 Necromancy


You had 6 spell levels left.
You knew the following spells:

 Your Spells              Type           Power        Failure   Level  Hunger
a - Pain                  Necr           ##..         4%          1    ##.....
u - Animate Skeleton      Necr           N/A          4%          1    ##.....

Your spell library contained the following spells:

 Spells                   Type           Power        Failure   Level  Hunger
 Vampiric Draining        Necr           ##........   14%         3    ####...
 Regeneration             Chrm/Necr      #.........   34%         3    ####...
 Animate Dead             Necr           N/A          41%         4    #####..


Dungeon Overview and Level Annotations

Branches:
Dungeon (3/15)

Altars:
Xom
Yredelemnul


Innate Abilities, Weirdness & Mutations

Your body is rotting away.
You thrive on raw meat.
You are immune to poison.
You have sharp fingernails.
You are carnivorous and can eat meat at any time.
Your flesh is cold resistant. (rC+)
You are immune to negative energy. (rN+++)
You do not regenerate when monsters are visible.
You are immune to unholy pain and torment.
You can survive without breathing.


Message History

You scratch the orc but do no damage.
An orc comes into view.
The orc hits you.
The orc shouts!
You scratch the orc but do no damage.
An orc comes into view. It is wielding a +0 dagger.
An orc comes into view. It is wielding a +0 whip.
The orc shouts!
You scratch the orc.
You kill the orc!
An orc comes into view. It is wielding a +0 dagger.
The ball python bites you but does no damage.
The ball python closely misses you.
All of the chunks of flesh in your inventory have rotted away.
You scratch the ball python.
You kill the ball python!
You hear some strange, mumbled words.
A puff of flame appears from out of thin air!
The puff of flame hits you!
A frilled lizard comes into view.
You scratch something but do no damage.
An orc comes into view. It is wielding a +0 club.
Something hits you.
The frilled lizard unfolds its giant frill.
Something hits you but does no damage.
You climb upwards.
Reactivating autopickup.
There is a stone staircase leading down here.
Unknown command.
The orc hits you. Something hits you but does no damage.
Deactivating autopickup; reactivate with Ctrl-A.
There is a stone staircase leading down here.
Unknown command.
Something hits you but does no damage. Something hits you but does no damage.
Unknown command.
Unknown command.
A puff of flame appears from out of thin air!
The puff of flame hits you.
* * * LOW HITPOINT WARNING * * *
Unknown command.
Something writhes in agony.
A magic dart appears from out of thin air!
The magic dart hits you!
* * * LOW HITPOINT WARNING * * *
You hear some strange, mumbled words.
A magic dart appears from out of thin air!
The magic dart hits you.
You die...

#..##.##..##.####...#...#...#...#
##.#..###..o..##.................
##.........>#.###################
#....########..# #.# ......# #o.#
#.# .#.##.# ##.# #.# #..##.###
#.## #.# )..##...### #..### #.#
...####...#####.@.### #.#
.#...####.....###.).# #.#
##.#....#####.....#.###.####
#.####.# ########.......# #.##
#.## #_# #.......# #..###Z.###
#.# #.......#
##.Z..#...#####.###.......#
####.......#.....#.......#
#######......#.....#.......#


You could see an orc.

Vanquished Creatures
  2 gnolls (D:2)
  2 adders (D:2)
  2 oozes (D:2)
  A dart slug (D:1)
  An orc (D:3)
  A bat (D:1)
  4 goblins
  4 hobgoblins
  9 kobolds
  A quokka (D:2)
  A ball python (D:3)
  5 frilled lizards
  2 gnoll zombies (D:2)
  2 rats
37 creatures vanquished.

Vanquished Creatures (collateral kills)
  An adder (D:2)
  A gnoll (D:2)
  A bat (D:2)
  A goblin (D:2)
  3 hobgoblins
  A kobold (D:1)
  A frilled lizard (D:1)
  A rat (D:1)
10 creatures vanquished.

Grand Total: 47 creatures vanquished

Notes
Turn   | Place    | Note
-------+----------+-------------------------------------------
     0 | D:1      | MalarOregon the Ghoul Necromancer began the quest for the
                  | Orb.
     0 | D:1      | Reached XP level 1. HP: 14/14 MP: 2/2
    78 | D:1      | Learned a level 1 spell: Animate Skeleton
   374 | D:1      | Reached XP level 2. HP: 20/20 MP: 3/3
   519 | D:1      | Reached skill level 1 in Unarmed Combat
   625 | D:1      | Reached XP level 3. HP: 19/26 MP: 5/5
   908 | D:2      | Reached XP level 4. HP: 23/33 MP: 6/6
  1183 | D:2      | Found a shimmering altar of Xom.
  1368 | D:2      | Found a basalt altar of Yredelemnul.
  1432 | D:2      | Killed from afar by an orc wizard

Skill      XL: |  1  2  3  4 |
---------------+-------------+-----
Spellcasting   | 2 |  2.5
Unarmed Combat | 1 2 |  2.1
Stealth        | 3 |  3.4
Dodging        | |  1.7
Necromancy     | |  4.5

Action                   |  1- 3 |  4- 6 || total
-------------------------+-------+-------++-------
Melee: Unarmed           |   100 |    72 ||   172
 Cast: Animate Skeleton  |    12 |     7 ||    19
       Pain              |     3 |     4 ||     7
  Use: Scroll            |     1 |       ||     1
 Stab: Sleeping          |     1 |     1 ||     2
       Distracted        |       |     1 ||     1
  Eat: Chunk             |     7 |     1 ||     8
Armor: Robe              |    21 |    11 ||    32
Dodge: Dodged            |    57 |    31 ||    88
